 Dungeon Crawl Stone Soup version 0.27.0-1-g7a089689b8 (webtiles) character file.

Game seed: 10304830842146860023

6156 mainiacjoe the Fighter (level 10, -14/68 HPs)
             Began as a Gargoyle Brigand on Aug 17, 2021.
             Was a Follower of Makhleb.
             Demolished by a two-headed ogre (21 damage)
             ... on level 9 of the Dungeon.
             The game lasted 00:37:23 (9938 turns).

mainiacjoe the Fighter (Gargoyle Brigand)           Turns: 9938, Time: 00:37:23

Health: -14/68     AC: 23    Str: 18    XL:     10   Next: 90%
Magic:  10/10      EV: 10    Int: 12    God:    Makhleb [*.....]
Gold:   228        SH: 15    Dex: 11    Spells: 9/9 levels left

rFire    . . .     SeeInvis +   a - +2 Maxwell's thermic engine {flame, freeze}
rCold    . . .     Faith    .   M - +0 kite shield
rNeg     + . .     Spirit   .   H - +2 scale mail {Will+}
rPois    ∞         Reflect  +   P - +2 helmet {SInv}
rElec    +         Harm     .   c - +1 cloak
rCorr    .         Rampage  .   (no gloves)
Will     +....                  (no boots)
Stlth    +.........             E - amulet of reflection
HPRegen  0.21/turn              (no ring)
MPRegen  0.12/turn              (no ring)

@: studying Fighting
A: sickness immunity, AC +7, negative energy resistance 1, electricity
resistance, torment resistance 1, petrification resistance
a: Renounce Religion


You were on level 9 of the Dungeon.
You worshipped Makhleb.
Makhleb was aware of your devotion.
You visited 2 branches of the dungeon, and saw 10 of its levels.
You also visited: Ossuary.

You collected 1514 gold pieces.
You spent 1286 gold pieces at shops.

Inventory:

Hand Weapons
 a - the +2 Maxwell's thermic engine (weapon) {flame, freeze}
   (You bought it in a shop on level 3 of the Dungeon)

   It burns those it strikes, dealing additional fire damage.
   Big, fiery blades are also staple armaments of hydra-hunters.
   It freezes those it strikes, dealing additional cold damage.
   It can also slow down cold-blooded creatures.
   It becomes more effective when it hits something.
   This effect fades over time.
 b - a +0 hand crossbow
Missiles
 d - 25 poisoned darts (quivered)
 e - a curare-tipped dart {=F}
 h - 6 boomerangs
 j - 50 sling bullets
 l - 147 arrows
 s - 151 stones
 y - 4 silver javelins
 C - 5 boomerangs of dispersal {=F}
 D - 29 bolts
 K - 7 atropa-tipped darts {=F}
 L - a throwing net {=F}
Armour
 c - a +1 cloak (worn)
 H - a +2 scale mail of willpower (worn)
 M - a +0 kite shield (worn)
 P - a +2 helmet of see invisible (worn)
Jewellery
 q - a ring of wizardry
 v - a ring of protection from fire
 x - an amulet of regeneration
 E - an amulet of reflection (around neck)
 F - a ring of magical power
Wands
 k - a wand of digging (3)
 w - a wand of flame (19)
 z - a wand of charming (7)
Scrolls
 f - 2 scrolls of vulnerability
 g - 3 scrolls of teleportation
 i - a scroll of fog
 p - a scroll of summoning {unknown}
 t - a scroll of blinking
 B - a scroll of immolation
 G - 3 scrolls of magic mapping
Potions
 m - a potion of brilliance
 n - 3 potions of haste
 o - a potion of curing
 r - 3 potions of heal wounds
 u - a potion of might
 A - 3 potions of mutation
 I - a potion of flight
 N - a potion of resistance {unknown}
 O - 2 potions of cancellation


   Skills:
 - Level 10.0 Fighting
 - Level 2.2(5.5) Short Blades
 * Level 8.0(8.2) Long Blades
 - Level 1.7 Throwing
 + Level 8.0 Armour
 + Level 7.0 Dodging
 - Level 5.0 Stealth
 + Level 5.6 Shields


You had 9 spell levels left.
You didn't know any spells.
Your spell library contained the following spells:

 Spells                   Type           Power      Damage    Failure   Level
 Animate Skeleton         Necr           0%         N/A       97%         1
 Apportation              Tloc           0%         N/A       97%         1
 Corona                   Hex            0%         N/A       97%         1
 Summon Small Mammal      Summ           0%         N/A       97%         1
 Slow                     Hex            0%         N/A       99%         2
 Confusing Touch          Hex            0%         N/A       100%        3
 Conjure Flame            Conj/Fire      0%         6-21      100%        3
 Ignite Poison            Fire/Tmut/Pois 0%         N/A       100%        3
 Vampiric Draining        Necr           0%         2d6       100%        3
 Sticky Flame             Conj/Fire      0%         2d3       100%        4


Dungeon Overview and Level Annotations

Branches:
Dungeon (9/15)             Temple (1/1) D:7            Lair (0/6) D:9
Ossuary (visited)
    Orc: D:9-12

Altars:
Ashenzari
Cheibriados
Dithmenos
Fedhas
Gozag
Hepliaklqana
Kikubaaqudgha
Makhleb
Nemelex Xobeh
Okawaru
Qazlal
Ru
Trog
Uskayaw
Vehumet
Wu Jian
Xom
Yredelemnul

Shops:
D:1 *   D:3 [(!(

Annotations:
D:4 2 transporters, growler's ghost, amateur TeAE
D:6 3 runed translucent doors, tylerjbraun's ghost, amateur DrAE
D:7 dig vault


Innate Abilities, Weirdness & Mutations

You are immune to sickness and miasma.
Your stone body is resilient. (AC +7)
You are immune to poison.
You resist negative energy. (rN+)
You are resistant to electric shocks. (rElec)
You are resistant to unholy torment.
You are immune to petrification.


Message History

The black bear looks even sicker.
The black bear is lightly wounded.
The two-headed ogre shouts in stereo!
You barely miss the black bear.
The black bear is lightly wounded.
The black bear closely misses you.
The black bear claws you but does no damage.
The black bear barely misses you.
You hit the black bear. You burn the black bear. You freeze the black bear.
The black bear is moderately wounded.
The black bear closely misses you. The black bear misses you.
The black bear barely misses you. x2; You riposte.
You hit the black bear. You burn the black bear. You freeze the black bear.
The black bear is severely wounded.
The black bear closely misses you. You block the black bear's attack.
The black bear goes berserk!
You barely miss the black bear.
The black bear is almost dead.
The black bear bites you. You block the black bear's attack.
The black bear closely misses you. You block the black bear's attack.
The black bear claws you but does no damage.
You block the black bear's attack.
You barely miss the black bear.
The black bear is almost dead.
The black bear bites you!
The black bear claws you but does no damage.
The black bear claws you.
The black bear bites you but does no damage.
You block the black bear's attack. x2
The two-headed ogre hits you with a +0 giant club!!
The two-headed ogre hits you with a +0 giant spiked club!
* * * LOW HITPOINT WARNING * * *
You slash the black bear! You burn the black bear.
You kill the black bear!
Makhleb accepts your kill.
The two-headed ogre hits you with a +0 giant club!
* * * LOW HITPOINT WARNING * * *
You block the two-headed ogre's attack.
The two-headed ogre hits you with a +0 giant club!!
You die...

........).. ...(.#
............ #...(#
##...........#...(#
#............#...(#####
.................)....#
...................###
.P..♣................#
.................#####
................@O##
.........P...>.....#
P........P.........#
.P..>...).♣P.......#
.P.................#
P..P...............#
..................##
..................##
.....♣.............#


You could see a two-headed ogre.

Vanquished Creatures
  Pikel (D:8)
  A hornet (D:5)
  2 wyverns (D:9)
  Sigmund (D:5)
  6 yaks (D:8)
  A basilisk (D:9)
  An acid dragon (D:5)
  4 water moccasins (D:9)
  5 black bears
  An orc warrior (D:8)
  A hornet zombie (D:6)
  An ice beast (D:6)
  2 ogres (D:4)
  A necrophage (D:3)
  A wolf (D:9)
  4 centaurs
  A lemure (D:8)
  A bullfrog (D:7)
  A water moccasin zombie (D:6)
  2 wyvern zombies
  2 gnoll sergeants
  2 scorpions
  A wyvern skeleton (D:7)
  3 wights (D:8)
  A centaur zombie (Ossuary)
  3 howler monkeys (D:8)
  A bullfrog zombie (D:7)
  5 hounds
  A gnoll shaman (D:8)
  3 human zombies (Ossuary)
  4 orc priests
  A centaur skeleton (D:7)
  2 iguanas (D:7)
  A scorpion zombie (D:5)
  5 orc wizards
  2 mummies (Ossuary)
  2 howler monkey zombies
  A howler monkey skeleton (D:6)
  4 adders
  7 gnolls
  A shadow imp (D:4)
  A white imp (D:6)
  An adder skeleton (D:4)
  An adder zombie (Ossuary)
  3 worms
  2 dart slugs
  22 orcs
  4 bats
  4 endoplasms
  A giant cockroach (D:3)
  9 goblins
  4 hobgoblins
  4 jackals (D:2)
  8 kobolds
  2 quokkas (D:1)
  11 ball pythons
  3 frilled lizards
  4 goblin zombies (Ossuary)
  4 hobgoblin zombies (Ossuary)
  A jackal zombie (Ossuary)
  8 kobold zombies (Ossuary)
  13 orc zombies (Ossuary)
  9 rats
  2 rat zombies (Ossuary)
211 creatures vanquished.

Vanquished Creatures (others)
  3 fungi (D:9)
  21 plants (D:9)
  4 toadstools (D:1)
28 creatures vanquished.

Grand Total: 239 creatures vanquished

Notes
Turn   | Place    | Note
-------+----------+-------------------------------------------
     0 | D:1      | mainiacjoe the Gargoyle Brigand began the quest for the
                  | Orb.
     0 | D:1      | Reached XP level 1. HP: 12/12 MP: 1/1
   270 | D:1      | Reached skill level 1 in Dodging
   282 | D:1      | Found Waanec's General Store.
   292 | D:1      | Reached XP level 2. HP: 16/18 MP: 2/2
   312 | D:1      | Bought a scroll of identify for 26 gold pieces
   578 | D:1      | Bought a scroll of identify for 26 gold pieces
   853 | D:1      | Reached XP level 3. HP: 22/22 MP: 3/3
  1141 | D:1      | Reached skill level 5 in Stealth
  1975 | D:2      | Reached skill level 3 in Fighting
  1994 | D:2      | Reached XP level 4. HP: 19/28 MP: 4/4
  2370 | D:3      | Found Leubbafaxta's Weapon Shoppe.
  2511 | D:3      | Found Kilaej's Armour Emporium.
  2527 | D:3      | Noticed a necrophage
  2545 | D:3      | Killed a necrophage
  2546 | D:3      | Reached skill level 1 in Long Blades
  2546 | D:3      | Reached XP level 5. HP: 28/33 MP: 5/5
  2676 | D:3      | Found Vapn's Weapon Shop.
  2718 | D:3      | Reached skill level 4 in Fighting
  2907 | D:3      | Found Gukhy's Distillery.
  2928 | D:3      | Bought a potion of heal wounds for 55 gold pieces
  2928 | D:3      | Bought a potion of degeneration for 11 gold pieces
  3015 | D:3      | Found a faded altar of an unknown god.
  3122 | D:3      | Found a snail-covered altar of Cheibriados.
  3325 | D:4      | Reached XP level 6. HP: 34/38 MP: 6/6
  3387 | D:4      | Found a sand-covered staircase.
  3516 | Ossuary  | Entered an ossuary
  4084 | D:4      | Reached XP level 7. HP: 44/44 MP: 7/7
  4084 | D:4      | Reached skill level 9 in Fighting
  4084 | D:4      | Reached XP level 8. HP: 56/56 MP: 8/8
  4629 | D:4      | Noticed growler's ghost (amateur TeAE)
  4635 | D:4      | Found a transporter.
  4825 | D:3      | Bought 2 potions of mutation for 176 gold pieces
  5000 | D:4      | Found a bloodstained altar of Trog.
  5367 | D:4      | Identified the +4 dire flail "Wawkaude" {vorpal, rPois rF-
                  | MP+9 Stlth+}
  5369 | D:4      | Found a transporter.
  5513 | D:5      | Entered Level 5 of the Dungeon
  5538 | D:5      | Identified 2 scrolls of acquirement
  5538 | D:5      | Acquired a manual of Fighting
  5539 | D:5      | Acquired 943 gold pieces
  5596 | D:3      | Bought the +2 Maxwell's thermic engine {flame, freeze} for
                  | 440 gold pieces
  5596 | D:3      | Found the +2 Maxwell's thermic engine {flame, freeze}
  5661 | D:1      | Bought a +2 scale mail of willpower for 273 gold pieces
  6627 | D:5      | Noticed Sigmund
  6637 | D:5      | Killed Sigmund
  6747 | D:5      | Reached skill level 1 in Shields
  6992 | D:5      | Noticed a hornet
  6998 | D:5      | Killed a hornet
  6999 | D:5      | Reached XP level 9. HP: 54/61 MP: 9/9
  7512 | D:3      | Bought a +2 helmet of see invisible for 279 gold pieces
  7609 | D:6      | Found a runed translucent gate.
  7610 | D:6      | Found a runed translucent gate.
  7611 | D:6      | Found a runed translucent gate.
  7679 | D:6      | Reached skill level 5 in Long Blades
  7679 | D:6      | Found a radiant altar of Vehumet.
  8063 | D:6      | Noticed tylerjbraun's ghost (amateur DrAE)
  8212 | D:7      | Identified the +5 leather armour "Woax" {*Corrode Int+2
                  | Dex+3}
  8279 | D:7      | Found a staircase to the Ecumenical Temple.
  8310 | Temple   | Entered the Ecumenical Temple
  8468 | Temple   | Became a worshipper of Makhleb the Destroyer
  9024 | D:8      | Reached XP level 10. HP: 54/66 MP: 10/10
  9253 | D:8      | Noticed Pikel
  9264 | D:8      | Killed Pikel
  9265 | D:8      | Reached skill level 5 in Shields
  9313 | D:8      | Reached * piety under Makhleb
  9461 | D:8      | Found a sparkling altar of Nemelex Xobeh.
  9821 | D:9      | Reached skill level 10 in Fighting
  9828 | D:9      | Found a staircase to the Lair.
  9927 | D:9      | Noticed a two-headed ogre
  9938 | D:9      | Demolished by a two-headed ogre

Illustrated notes

Levels and vault maps discovered:
D:1:      saegor_arrival_simple_c, layout_basic, serial_shops, shop,
          minmay_gold_behind_fungi, grunt_decor_clamped, minmay_misc_feat_room,
          chequers_serial_rivers_marsh
D:2:      layout_basic
D:3:      layout_rooms, slow_altar_2, serial_shops, shop,
          nicolae_lakefront_shop, shop, shop, ebering_ecumenical_altar_hall
D:4:      layout_loops_ring, bloody_trog, enter_ossuary_1,
          gammafunk_ghost_smash, kennysheep_pointless_box,
          kennysheep_cross_bottleneck, st_stairs_13, grunt_ministairs_9
D:5:      layout_gridville, uniq_sigmund
D:6:      layout_cave_pools, vehumet_altar_wand_db, serial_column_ruins,
          column_ruins_hut, column_ruins_open_small_water,
          column_ruins_columns_dead_end, column_ruins_open_small,
          column_ruins_columns_straight, gammafunk_ghost_necromancy
D:7:      layout_cave_pools, minmay_temple_entry_junction_2, due_unseen_surprise
D:8:      layout_basic, nemelex_altar_shiori, st_stairs_1, uniq_pikel
D:9:      layout_rooms, minmay_lair_entry_grove
Temple:   eino_narrow_crystal_temple

Skill      XL: |  1  2  3  4  5  6  7  8  9 10 |
---------------+-------------------------------+-----
Dodging        | 1 2 3 7 |  7.0
Stealth        | 5 |  5.0
Short Blades   | 2 |  2.2
Fighting       | 3 4 9 10 | 10.0
Long Blades    | 1 2 4 6 8 |  8.0
Armour         | 8 |  8.0
Shields        | 1 4 5 |  5.6
Throwing       | |  1.7

Action                   |  1- 3 |  4- 6 |  7- 9 | 10-12 || total
-------------------------+-------+-------+-------+-------++-------
Melee: Dagger            |    38 |       |       |       ||    38
       Short sword       |    69 |   179 |    44 |       ||   292
       Double sword      |       |       |   119 |   125 ||   244
Throw: Dart              |    20 |       |    94 |    71 ||   185
       Stone             |    38 |   149 |       |       ||   187
       Boomerang         |       |    13 |       |       ||    13
  Use: Scroll            |     4 |     4 |     9 |     1 ||    18
       Potion            |       |       |     2 |     1 ||     3
 Stab: Sleeping          |     6 |     3 |       |       ||     9
       Invisible         |       |       |     1 |       ||     1
Armor: Robe              |    36 |       |       |       ||    36
       Leather armour    |       |    69 |       |       ||    69
       Scale mail        |       |       |    72 |    56 ||   128
Dodge: Dodged            |    69 |   113 |    47 |    67 ||   296
Block: Other             |       |    27 |    13 |       ||    40
       Kite shield       |       |       |    69 |   108 ||   177
       Reflection        |       |       |     3 |     1 ||     4
       Rpst.: Double sword |       |       |     8 |    12 ||    20
